AoeStats
← THL

Arena

508147351Analyzed
4v4 RM · 11d ago on Sep 21, 2026· 42m 17s· 8 players
Game mode
Random Map
Map size
Large (8 player)
Population
200
Speed
Normal
Resources
Standard
Victory
Conquest
Starting age
Dark Age
Ending age
Imperial Age
RankedLock teamsTeams togetherTeam positionsShared explorationLock speedFull tech treeHidden civsTurbo modeCheats
Victory
Defeat
🇹🇷 Cumans · Türkiye
1649
+13
🇧🇷 Malians · Brazil
1619
+15
🇨🇴 Poles · Colombia
1603
+15
🇺🇸 Khmer · United States
1587
+16
🇵🇪 Cumans · Peru
1693
-18
🇻🇳 Persians · Vietnam
1583
-15
🇦🇷 Bohemians · Argentina
1547
-13
🇦🇷 Britons · Argentina
1532
-13
The .Gocho
10:54 Feudal Age
12:12 Loom
15:00 Castle Age
13:12 Double-Bit Axe
13:42 Horse Collar
14:44 Town Watch
17:47 Wheelbarrow
19:03 Scale Mail Armor
19:14 Forging
30:43 Heavy Plow
32:07 Bow Saw
33:15 Hand Cart
33:57 Gold Mining
37:14 Imperial Age
35:05 Fletching
34:53 Crossbowman
35:43 Thumb Ring
36:20 Bodkin Arrow
36:25 Padded Archer Armor
36:21 Stone Mining
36:01 Elite Skirmisher
37:18 Ballistics
37:25 Arbalester
39:17 Chemistry
38:31 Bracer
40:26 Conscription
40:15 Szlachta Privileges
42:01 Leather Archer Armor
43:30 Iron Casting
43:00 Scale Barding Armor
heybrowazzup
8:25 Feudal Age
9:17 Double-Bit Axe
9:45 Horse Collar
10:56 Loom
15:41 Wheelbarrow
19:40 Castle Age
18:13 Stone Mining
19:16 Gold Mining
20:39 Heavy Plow
21:08 Bow Saw
25:44 Imperial Age
24:41 Fletching
25:37 Ballistics
27:27 Chemistry
28:20 Padded Archer Armor
28:20 Bodkin Arrow
29:58 Conscription
30:23 Leather Archer Armor
31:11 Thumb Ring
33:01 Ring Archer Armor
35:01 Hand Cart
35:25 Bloodlines
39:01 Light Cavalry
39:51 Elite Kipchak
42:08 Two-Man Saw
Fs.churacoRS
10:36 Feudal Age
11:35 Double-Bit Axe
11:40 Horse Collar
14:26 Castle Age
15:19 Bow Saw
18:31 Wheelbarrow
27:16 Imperial Age
24:51 Heavy Plow
24:53 Fletching
25:35 Scale Barding Armor
25:41 Forging
25:57 Husbandry
28:18 Bloodlines
28:52 Chain Barding Armor
29:25 Iron Casting
29:16 Loom
29:30 Gold Mining
29:30 Stone Mining
29:21 Heavy Camel Rider
30:47 Farimba
35:37 Plate Barding Armor
36:02 Coinage
36:37 Gold Shaft Mining
40:14 Conscription
[C82]sasuke
10:56 Feudal Age
13:37 Castle Age
12:22 Double-Bit Axe
12:18 Horse Collar
14:32 Bow Saw
16:46 Wheelbarrow
18:23 Town Watch
18:35 Loom
19:31 Hand Cart
21:27 Gold Mining
22:38 Stone Mining
23:26 Gold Shaft Mining
26:28 Imperial Age
25:11 Stone Shaft Mining
24:58 Bloodlines
24:49 Husbandry
26:21 Scale Barding Armor
26:33 Heavy Plow
26:31 Elite Battle Elephant
27:46 Chain Barding Armor
29:04 Plate Barding Armor
29:30 Forging
29:22 Capped Ram
30:32 Siege Ram
33:09 Iron Casting
33:31 Heavy Scorpion
36:24 Blast Furnace
35:53 Ballistics
36:33 Chemistry
35:45 Tusk Swords
36:40 Double Crossbow
37:08 Siege Engineers
noru
8:58 Feudal Age
10:04 Double-Bit Axe
10:11 Horse Collar
19:07 Castle Age
18:17 Wheelbarrow
17:59 Stone Mining
18:48 Gold Mining
20:01 Fletching
20:25 Bow Saw
21:03 Bodkin Arrow
21:12 Capped Ram
24:55 Ballistics
25:01 Hand Cart
25:44 Padded Archer Armor
26:46 Loom
26:46 Town Watch
27:25 Bloodlines
31:46 Imperial Age
30:19 Leather Archer Armor
30:44 Gold Shaft Mining
33:00 Ring Archer Armor
33:36 Chemistry
33:37 Two-Man Saw
32:38 Heavy Plow
32:06 Elite Kipchak
33:06 Conscription
33:16 Steppe Husbandry
37:00 Parthian Tactics
36:40 Thumb Ring
37:13 Crop Rotation
37:22 Hoardings
37:14 Masonry
36:59 Murder Holes
39:19 Onager
THL
10:09 Feudal Age
14:03 Castle Age
11:51 Double-Bit Axe
15:03 Bow Saw
15:15 Horse Collar
20:10 Wheelbarrow
24:39 Loom
27:32 Imperial Age
24:56 Gold Mining
25:26 Hand Cart
24:58 Loom
25:51 Heavy Plow
26:21 Bloodlines
26:37 Husbandry
26:43 Scale Barding Armor
27:44 Chain Barding Armor
27:10 Heavy Camel Rider
29:00 Plate Barding Armor
28:57 Forging
31:50 Iron Casting
33:50 Blast Furnace
34:15 Two-Man Saw
35:05 Conscription
36:01 Caravan
37:57 Squires
37:58 Scale Mail Armor
37:55 Pikeman
39:05 Halberdier
40:24 Crop Rotation
40:33 Chain Mail Armor
Chim cu đi tắm
10:43 Feudal Age
14:36 Castle Age
12:30 Double-Bit Axe
12:38 Horse Collar
15:21 Heavy Plow
15:37 Bow Saw
17:16 Fervor
22:08 Loom
22:59 Wheelbarrow
24:40 Wheelbarrow
30:16 Imperial Age
29:19 Chemistry
29:09 Scale Mail Armor
29:20 Forging
29:45 Squires
29:20 Pikeman
30:18 Chain Mail Armor
31:19 Iron Casting
31:15 Halberdier
32:57 Two-Man Saw
32:53 Plate Mail Armor
33:07 Conscription
35:02 Blast Furnace
35:28 Hand Cart
36:16 Ballistics
36:10 Treadmill Crane
36:13 Houfnice
SCV
10:28 Feudal Age
14:06 Castle Age
12:17 Double-Bit Axe
12:54 Horse Collar
14:57 Bow Saw
18:54 Fletching
23:37 Bodkin Arrow
26:27 Wheelbarrow
25:38 Loom
26:03 Padded Archer Armor
26:04 Heavy Plow
27:11 Gold Mining
27:11 Stone Mining
27:17 Town Watch
27:57 Scale Mail Armor
28:07 Forging
31:08 Imperial Age
29:03 Fortified Wall
29:35 Chain Mail Armor
28:41 Pikeman
29:22 Squires
30:10 Ballistics
31:16 Iron Casting
31:15 Leather Archer Armor
31:12 Halberdier
32:25 Squires
32:11 Arson
32:57 Plate Mail Armor
35:24 Conscription
36:26 Bracer
36:06 Capped Ram
38:28 Chemistry
37:26 Elite Longbowman
41:14 Blast Furnace
Connection lost

Rejoining the realm…

Still unreachable

The connection could not be restored.

Session expired

The server has moved on; the page needs a fresh start.